 Dungeon Crawl Stone Soup version 0.31-a0-819-gf6de2f5ab6 (webtiles) character file.

Game seed: 5505318161516391969

140 qw the Shooter (level 5, -2/32 HPs)
             Began as a Gargoyle Hunter on Sept 23, 2023.
             Killed by divine providence
             ... invoked by an orc priest
              (12 damage)
             ... on level 3 of the Dungeon.
             The game lasted 00:00:45 (1599 turns).

qw the Shooter (Gargoyle Hunter)                    Turns: 1599, Time: 00:00:46

Health: -2/32      AC: 14    Str: 15    XL:     5   Next: 23%
Magic:  14/14      EV: 11    Int:  9    God:
Gold:   171        SH:  0    Dex: 15    Spells: 4/4 levels left

rFire   . . .        Y - +0 shortbow
rCold   . . .        (shield currently unavailable)
rNeg    + + .        a - +0 ring mail of Seqenk {rN+ MP+9}
rPois   inf          (no helmet)
rElec   +            d - +0 cloak
rCorr   .            (no gloves)
SInv    .            (no boots)
Will    .....        (no amulet)
Stlth   +            k - +4 ring of protection
HPRegen 0.25/turn    (no ring)
MPRegen 0.14/turn

%: no passive effects
@: no status effects
A: sickness immunity, AC +4, negative energy resistance 1, electricity
resistance, torment resistance 1, petrification resistance
a: no special abilities


You were on level 3 of the Dungeon.
You visited 1 branch of the dungeon, and saw 3 of its levels.

You collected 171 gold pieces.


Innate Abilities, Weirdness & Mutations

You are immune to sickness and miasma.
Your stone body is resilient. (AC +4)
You are immune to poison.
You resist negative energy. (rN+)
You are resistant to electric shocks. (rElec)
You are resistant to unholy torment.
You are immune to petrification.


   Skills:
 - Level 3.4 Fighting
 + Level 5.6 Ranged Weapons
 - Level 1.3 Armour
 - Level 1.5 Dodging
 - Level 1.1 Stealth


You had 4 spell levels left.
You didn't know any spells.
Your spell library was empty.

Inventory:

Hand Weapons
 Y - a +0 shortbow (weapon)
Armour
 a - the +0 ring mail of Seqenk (worn) {rN+ MP+9}
   (You found it on level 2 of the Dungeon)

   rN+:       It protects you from negative energy.
   MP+9:      It affects your magic capacity (+9).
 d - a +0 cloak (worn)
Jewellery
 k - a +4 ring of protection (left hand)
Scrolls
 c - a scroll of silence {unknown}
 e - a scroll of enchant armour {unknown}
 f - a scroll of identify
Potions
 b - a potion of haste
 g - a potion of cancellation {unknown}
 h - a potion of curing {unknown}

Dungeon Overview and Level Annotations

Branches:
Dungeon (3/15)

Altars:


Message History

The orc priest casts a cantrip, but nothing happens.
You shoot an arrow. The arrow hits the orc priest.
The orc priest is heavily wounded.
The orc priest hits you but does no damage.
You shoot an arrow.
The arrow hits the orc priest but does no damage.
The orc priest is heavily wounded.
The orc priest hits you with a +0 club.
You shoot an arrow.
The arrow hits the orc priest but does no damage.
The orc priest is heavily wounded.
The orc priest hits you with a +0 club.
You shoot an arrow.
The arrow hits the orc priest but does no damage.
The orc priest is heavily wounded.
The orc priest invokes the aid of Beogh against you.
Pain shoots through your body! The orc priest barely misses you.
You shoot an arrow.
The arrow closely misses the orc priest.
The orc priest hits you with a +0 club.
You shoot an arrow.
The arrow hits the orc priest but does no damage.
The orc priest is heavily wounded.
The orc priest hits you but does no damage.
You shoot an arrow.
The arrow completely misses the orc priest.
The orc priest miscasts a cantrip.
You shoot an arrow.
The arrow hits the orc priest but does no damage.
The orc priest is heavily wounded.
The orc priest invokes the aid of Beogh against you.
You barely resist. The orc priest closely misses you.
You shoot an arrow.
The arrow closely misses the orc priest.
The orc priest closely misses you.
You shoot an arrow.
The arrow closely misses the orc priest.
The orc priest invokes the aid of Beogh against you.
Beogh smites you!
You die...

.........# #.##.#
#.#.#.# #.....##.#
..##.# #.#...####
#.....# # ##.#
#.##.)...# ###.###
#..# #.##.....##
###.#
#.####.##..}...#
.##.#
#.###...#......#
.....
#..............#
.#...
###.######...#..###.#
.....
.....)o@....##.## #.#
##...
.....#########.# #.#
. #.. ... #.# #.# ..
.. . ..# #.# .# ###
#.# #.# #.#


You could see an orc priest.

Vanquished Creatures
  An orc priest (D:3)
  Jessica (D:2)
  An adder (D:3)
  2 worms
  A dart slug (D:1)
  4 orcs (D:3)
  9 endoplasms
  A giant cockroach (D:3)
  4 hobgoblins
  4 quokkas (D:1)
  5 ball pythons
  4 frilled lizards
  13 goblins
  5 kobolds
  3 rats
  A spectral goblin (D:1)
59 creatures vanquished.

Notes
Turn   | Place    | Note
-------+----------+-------------------------------------------
     0 | D:1      | qw the Gargoyle Hunter began the quest for the Orb.
     0 | D:1      | Reached XP level 1. HP: 12/12 MP: 1/1
     0 | D:1      | 0 ||| qw: Version: 0.3-a-83-gcd0e7d8
     0 | D:1      | 0 ||| qw: Game counter: 1359
     0 | D:1      | 0 ||| qw: Melee chars always use a shield: true
     0 | D:1      | 0 ||| qw: God list: Okawaru
     0 | D:1      | 0 ||| qw: Allow faded altars: false
     0 | D:1      | 0 ||| qw: Do Orc after clearing Dungeon:15 true
     0 | D:1      | 0 ||| qw: Do second Lair branch before Depths: true
     0 | D:1      | 0 ||| qw: Lair rune preference: random
     0 | D:1      | 0 ||| qw: Goals: Normal
     0 | D:1      | 0 ||| PLANNING D:1-11
    62 | D:1      | Reached XP level 2. HP: 17/17 MP: 2/2
    76 | D:1      | Found a faded altar of an unknown god.
    80 | D:1      | 80 ||| Stepping ~*~*~tactically~*~*~ (water).
   646 | D:1      | 646 ||| UPGRADING to +0 cloak.
   651 | D:1      | 651 ||| READING 2 scrolls labelled JORABL YJIBUM.
   652 | D:1      | 652 ||| DRINKING 2 silvery potions.
   653 | D:1      | 653 ||| DROPPING scroll of noise.
   654 | D:1      | 654 ||| DROPPING scroll of butterflies.
   655 | D:1      | 655 ||| DROPPING potion of brilliance.
   706 | D:2      | Identified the +0 ring mail of Seqenk {rN+ MP+9}
   728 | D:2      | Reached XP level 3. HP: 21/21 MP: 3/3
   751 | D:2      | Reached skill level 5 in Ranged Weapons
  1213 | D:2      | Noticed Jessica
  1218 | D:2      | Killed Jessica
  1219 | D:2      | Reached skill level 3 in Fighting
  1219 | D:2      | Reached XP level 4. HP: 26/28 MP: 4/4
  1226 | D:2      | 1226 ||| UPGRADING to +0 ring mail of Seqenk {rN+ MP+9}.
  1236 | D:2      | 1236 ||| DROPPING +0 leather armour.
  1306 | D:2      | 1306 ||| UPGRADING to +4 ring of protection.
  1307 | D:2      | 1307 ||| READING 2 scrolls labelled FITIUC OTYDITANI.
  1308 | D:2      | 1308 ||| READING scroll labelled GUQEH GIOPP.
  1312 | D:2      | 1312 ||| READING scroll labelled LOTHO IFAIR.
  1333 | D:2      | 1333 ||| DRINKING 2 emerald potions.
  1334 | D:2      | 1334 ||| DRINKING 2 orange potions.
  1335 | D:2      | 1335 ||| DRINKING 2 bubbling golden potions.
  1336 | D:2      | 1336 ||| DROPPING potion of attraction.
  1337 | D:2      | 1337 ||| DROPPING potion of degeneration.
  1437 | D:3      | Reached skill level 1 in Armour
  1579 | D:3      | Reached XP level 5. HP: 13/32 MP: 5/5
  1594 | D:3      | HP: 8/32 [orc priest/+0 club (1)]
  1599 | D:3      | Killed from afar by an orc priest

Levels and vault maps discovered:
D:1:      minmay_arrival_wavy_path, layout_basic,
          dreamdust_ecumenical_altar_drowned_temple
D:2:      layout_basic, uniq_jessica
D:3:      kennysheep_the_goblin_king, layout_loops_ring,
          mainiacjoe_overflow_tiny_flanked, dreamdust_wishing_well

Skill      XL: |  1  2  3  4 |
---------------+-------------+-----
Ranged Weapons | 5 |  5.6
Fighting       | 3 |  3.4
Armour         | 1 |  1.3
Dodging        | |  1.5
Stealth        | |  1.1

Action                     |  1- 3 |  4- 6 || total
---------------------------+-------+-------++-------
   Fire: Shortbow          |    82 |    83 ||   165
    Use: Scroll            |     1 |     3 ||     4
         Potion            |     1 |     3 ||     4
 Armour: Leather armour    |     9 |       ||     9
         Ring mail         |       |    21 ||    21
  Dodge: Dodged            |     8 |    22 ||    30

Table legend:
 A = Non-vault XP
 B = Vault XP
 C = Vault XP percentage of total XP
 D = Non-vault monster count
 E = Vault monster count
 F = Vault count percentage of total count
                 A         B        C        D         E       F
            +---------+---------+-------+---------+---------+-------
      Total |     149 |      52 |  25.9 |      50 |       9 |  15.3
            +---------+---------+-------+---------+---------+-------
        D:1 |      28 |       1 |   3.4 |      16 |       1 |   5.9
        D:2 |      29 |      37 |  56.1 |      16 |       1 |   5.9
        D:3 |      92 |      14 |  13.2 |      18 |       7 |  28.0
            +---------+---------+-------+---------+---------+-------
